General information
- name: ffa+max. 4obs
- type: Custom game
- host: g-star
- saver: carlsonnn
map: TwilightRuins
- players: 12
- length: 61:50
- speed: Fast
- version: 1.26 W3XP
- replay type: Public
» download(363 KB)
Players
team 1 (loser)
W.S.R.H (
red | 63 APM | 1040 actions | 16:35)
4 Demon Hunter
1 Mana Burn
2 Immolation
1 Evasion
1 Keeper of the Grove
1 Entangling Roots
» actions
| Assign group hotkey | 44 | |
| Basic commands | 2 | |
| Build / train | 50 | |
| Enter build submenu | 21 | |
| Enter hero's abilities submenu | 5 | |
| Remove unit from queue | 2 | |
| Right click | 427 | |
| Select / deselect | 263 | |
| Select group hotkey | 169 | |
| Use ability | 57 | |
1040 total
» units
| Wisp | 20 | |
| Archer | 10 | |
| Hippogryph | 2 | |
| Makrura Deepseer | 1 | |
33 total
» upgrades
» buildings
| Moon Well | 6 | |
| Ancient of War | 2 | |
| Altar of Elders | 1 | |
| Tree of Ages | 2 | |
| Hunter's Hall | 1 | |
| Ancient of Wind | 1 | |
| Tree of Life | 2 | |
| Ancient Protector | 5 | |
| Tree of Eternity | 3 | |
| Ancient of Wonders | 1 | |
| Chimaera Roost | 1 | |
| Ancient of Lore | 1 | |
26 total
» build order
00:34 Moon Well
00:47 Ancient of War
00:56 Ancient of War
01:37 Moon Well
02:11 Altar of Elders
02:15 Moon Well
04:39 Moon Well
06:23 Tree of Ages
06:23 Tree of Ages
08:02 Hunter's Hall
08:53 Ancient of Wind
08:57 Moon Well
09:32 Tree of Life
11:23 Moon Well
11:26 Ancient Protector
11:52 Ancient Protector
12:05 Tree of Eternity
12:05 Tree of Eternity
12:09 Ancient Protector
12:25 Ancient Protector
12:42 Ancient Protector
14:17 Ancient of Wonders
14:30 Chimaera Roost
14:34 Ancient of Lore
14:50 Tree of Life
» items
| Scroll of Protection | 1 | |
| Scroll of Healing | 1 | |
2 total
team 2 (loser)
athousandmiles. (
pink | 124 APM | 6201 actions | 49:48)
7 Blademaster
3 Wind Walk
3 Critical Strike
1 Bladestorm
6 Shadow Hunter
3 Hex
3 Healing Wave
6 Tauren Chieftain
3 Shockwave
3 Endurance Aura
» actions
| Assign group hotkey | 131 | |
| Basic commands | 29 | |
| Build / train | 197 | |
| ESC pressed | 6 | |
| Enter build submenu | 27 | |
| Enter hero's abilities submenu | 19 | |
| Give item / drop item | 11 | |
| Right click | 3100 | |
| Select / deselect | 882 | |
| Select group hotkey | 1387 | |
| Use ability | 412 | |
6201 total
» units
| Peon | 20 | |
| Wind Rider | 24 | |
| Troll Batrider | 44 | |
| Shaman | 6 | |
| Troll Witch Doctor | 3 | |
| Spirit Walker | 2 | |
| Kodo Beast | 1 | |
100 total
» upgrades
| Shaman Training | 2 | |
| Witch Doctor Training | 2 | |
| Ranged Weapons | 2 | |
| Reinforced Defenses | 1 | |
| Envenomed Spears | 1 | |
| Liquid Fire | 1 | |
| Armor | 2 | |
| War Drums Damage Increase | 1 | |
| Spirit Walker Training | 1 | |
13 total
» buildings
| Altar of Storms | 1 | |
| Orc Burrow | 9 | |
| Voodoo Lounge | 1 | |
| Stronghold | 4 | |
| War Mill | 1 | |
| Watch Tower | 3 | |
| Beastiary | 2 | |
| Fortress | 3 | |
| Spirit Lodge | 2 | |
| Great Hall | 6 | |
32 total
» build order
00:06 Altar of Storms
00:20 Orc Burrow
01:01 Voodoo Lounge
02:15 Stronghold
02:15 Stronghold
02:15 Stronghold
02:20 War Mill
03:00 Orc Burrow
03:04 Orc Burrow
03:36 Watch Tower
04:41 Beastiary
04:43 Beastiary
04:46 Watch Tower
05:49 Fortress
05:49 Fortress
07:08 Spirit Lodge
07:24 Spirit Lodge
08:13 Orc Burrow
08:22 Orc Burrow
11:21 Great Hall
12:47 Great Hall
13:49 Orc Burrow
16:24 Great Hall
17:06 Great Hall
22:04 Orc Burrow
27:10 Orc Burrow
27:13 Orc Burrow
30:29 Watch Tower
35:51 Great Hall
38:49 Great Hall
» items
| Healing Salve | 5 | |
| Lesser Clarity Potion | 15 | |
| Boots of Speed | 3 | |
| Scroll of Speed | 6 | |
| Orb of Lightning | 2 | |
| Scroll of Town Portal | 2 | |
| Scroll of Protection | 1 | |
| Scroll of Healing | 3 | |
| Potion of Mana | 1 | |
38 total
team 3 (loser)

»
BLUE_RAY-DISK (
blue | 110 APM | 6822 actions | 61:48)
8 Blademaster
3 Critical Strike
3 Wind Walk
1 Bladestorm
1 Mirror Image
7 Tauren Chieftain
3 War Stomp
3 Endurance Aura
1 Reincarnation
6 Shadow Hunter
3 Hex
3 Healing Wave
» actions
| Assign group hotkey | 74 | |
| Basic commands | 32 | |
| Build / train | 199 | |
| Enter build submenu | 49 | |
| Enter hero's abilities submenu | 22 | |
| Give item / drop item | 8 | |
| Remove unit from queue | 2 | |
| Right click | 3106 | |
| Select / deselect | 1287 | |
| Select group hotkey | 1568 | |
| Use ability | 475 | |
6822 total
» units
| Peon | 48 | |
| Raider | 18 | |
| Kodo Beast | 1 | |
| Tauren | 3 | |
| Shaman | 2 | |
| Troll Witch Doctor | 4 | |
| Spirit Walker | 2 | |
| Troll Batrider | 24 | |
102 total
» upgrades
| Ensnare | 1 | |
| Witch Doctor Training | 2 | |
| Shaman Training | 2 | |
| War Drums Damage Increase | 1 | |
| Spirit Walker Training | 2 | |
| Pulverize | 1 | |
| Armor | 3 | |
| Reinforced Defenses | 1 | |
| Melee Weapons | 3 | |
| Liquid Fire | 1 | |
17 total
» buildings
| Altar of Storms | 2 | |
| Orc Burrow | 8 | |
| Voodoo Lounge | 1 | |
| War Mill | 2 | |
| Watch Tower | 5 | |
| Stronghold | 1 | |
| Fortress | 1 | |
| Beastiary | 5 | |
| Spirit Lodge | 2 | |
| Great Hall | 10 | |
| Tauren Totem | 2 | |
39 total
» build order
00:07 Altar of Storms
00:18 Orc Burrow
00:49 Voodoo Lounge
01:06 War Mill
01:38 Orc Burrow
02:41 Watch Tower
03:00 Stronghold
03:11 Watch Tower
05:22 Fortress
05:24 Beastiary
05:27 Beastiary
05:34 Orc Burrow
05:48 Spirit Lodge
07:23 Orc Burrow
07:59 Spirit Lodge
09:32 Great Hall
11:01 Orc Burrow
11:03 Tauren Totem
11:46 Great Hall
12:32 Orc Burrow
13:30 Watch Tower
14:38 Watch Tower
15:06 Tauren Totem
17:03 War Mill
17:34 Orc Burrow
19:44 Great Hall
25:42 Beastiary
25:44 Beastiary
25:46 Beastiary
26:05 Altar of Storms
28:18 Great Hall
29:57 Orc Burrow
32:21 Great Hall
33:17 Great Hall
36:58 Watch Tower
41:26 Great Hall
43:08 Great Hall
43:59 Great Hall
47:35 Great Hall
» items
| Healing Salve | 15 | |
| Boots of Speed | 1 | |
| Dust of Appearance | 1 | |
| Orb of Lightning | 2 | |
| Lesser Clarity Potion | 14 | |
| Potion of Healing | 5 | |
| Scroll of Town Portal | 5 | |
| Potion of Lesser Invulnerability | 4 | |
| Scroll of Healing | 1 | |
| Scroll of Protection | 1 | |
| Potion of Mana | 1 | |
50 total
team 4 (loser)
HarryH17 (
purple | 59 APM | 1093 actions | 18:34)
4 Death Knight
2 Death Coil
2 Unholy Aura
3 Dreadlord
2 Sleep
1 Vampiric Aura
» actions
| Assign group hotkey | 52 | |
| Build / train | 57 | |
| ESC pressed | 1 | |
| Enter build submenu | 15 | |
| Enter hero's abilities submenu | 7 | |
| Give item / drop item | 1 | |
| Right click | 468 | |
| Select / deselect | 201 | |
| Select group hotkey | 223 | |
| Use ability | 68 | |
1093 total
» units
| Acolyte | 11 | |
| Ghoul | 2 | |
| Crypt Fiend | 7 | |
| Gargoyle | 7 | |
| Obsidian Statue | 2 | |
| Abomination | 4 | |
33 total
» upgrades
| Creature Attack | 1 | |
| Creature Carapace | 1 | |
| Web | 1 | |
3 total
» buildings
| Crypt | 1 | |
| Altar of Darkness | 1 | |
| Ziggurat | 5 | |
| Graveyard | 1 | |
| Tomb of Relics | 1 | |
| Nerubian Tower | 1 | |
| Halls of the Dead | 1 | |
| Spirit Tower | 1 | |
| Slaughterhouse | 1 | |
| Black Citadel | 1 | |
14 total
» build order
00:07 Crypt
00:14 Altar of Darkness
00:42 Ziggurat
01:00 Graveyard
01:34 Tomb of Relics
02:08 Ziggurat
02:22 Nerubian Tower
04:23 Ziggurat
05:22 Halls of the Dead
06:52 Spirit Tower
07:02 Ziggurat
10:18 Slaughterhouse
10:27 Black Citadel
10:31 Ziggurat
» items
| Rod of Necromancy | 1 | |
| Dust of Appearance | 1 | |
| Potion of Lesser Invulnerability | 1 | |
| Potion of Mana | 1 | |
| Orb of Corruption | 1 | |
| Potion of Healing | 3 | |
8 total
team 5 (winner)
carlsonnn (
yellow | 121 APM | 7454 actions | 61:50)
9 Archmage
3 Summon Water Elemental
3 Brilliance Aura
1 Mass Teleport
2 Blizzard
8 Mountain King
3 Storm Bolt
3 Bash
1 Avatar
1 Thunder Clap
7 Paladin
3 Holy Light
2 Divine Shield
1 Resurrection
1 Devotion Aura
» actions
| Assign group hotkey | 108 | |
| Basic commands | 8 | |
| Build / train | 217 | |
| ESC pressed | 14 | |
| Enter build submenu | 69 | |
| Enter hero's abilities submenu | 25 | |
| Give item / drop item | 5 | |
| Remove unit from queue | 1 | |
| Right click | 2542 | |
| Select / deselect | 2142 | |
| Select group hotkey | 1836 | |
| Use ability | 486 | |
7454 total
» units
| Peasant | 49 | |
| Footman | 6 | |
| Goblin Shredder | 2 | |
| Priest | 12 | |
| Gryphon Rider | 11 | |
| Siege Engine | 7 | |
| Spell Breaker | 8 | |
| Flying Machine | 3 | |
| Sorceress | 7 | |
| Knight | 8 | |
| Mortar Team | 2 | |
| Dragonhawk Rider | 1 | |
116 total
» upgrades
| Defend | 1 | |
| Masonry | 3 | |
| Lumber Harvesting | 2 | |
| Swords | 3 | |
| Priest Training | 2 | |
| Sorceress Training | 2 | |
| Flak Cannons | 1 | |
| Control Magic | 1 | |
| Magic Sentry | 1 | |
| Animal War Training | 1 | |
| Fragmentation Shards | 1 | |
| Armor | 3 | |
| Storm Hammers | 1 | |
| Cloud | 1 | |
| Plating | 3 | |
| Barrage | 1 | |
| Flare | 1 | |
| Gunpowder | 3 | |
31 total
» buildings
| Altar of Kings | 1 | |
| Barracks | 1 | |
| Farm | 16 | |
| Town Hall | 10 | |
| Scout Tower | 17 | |
| Lumber Mill | 1 | |
| Arcane Tower | 3 | |
| Arcane Vault | 1 | |
| Keep | 1 | |
| Guard Tower | 10 | |
| Blacksmith | 1 | |
| Castle | 1 | |
| Arcane Sanctum | 2 | |
| Gryphon Aviary | 3 | |
| Workshop | 2 | |
70 total
» build order
00:04 Altar of Kings
00:18 Barracks
00:33 Farm
00:48 Farm
01:55 Farm
02:58 Town Hall
03:38 Scout Tower
03:40 Scout Tower
04:03 Lumber Mill
04:08 Arcane Tower
04:21 Arcane Vault
04:26 Scout Tower
05:18 Keep
05:39 Guard Tower
06:29 Guard Tower
06:32 Scout Tower
06:58 Blacksmith
07:41 Castle
08:00 Arcane Sanctum
08:05 Arcane Sanctum
08:24 Guard Tower
08:26 Farm
09:14 Gryphon Aviary
09:15 Gryphon Aviary
09:24 Workshop
09:45 Scout Tower
09:46 Scout Tower
09:47 Scout Tower
10:12 Town Hall
10:24 Guard Tower
10:47 Guard Tower
11:22 Scout Tower
11:22 Scout Tower
11:24 Scout Tower
11:26 Scout Tower
11:29 Scout Tower
11:39 Arcane Tower
11:54 Guard Tower
11:55 Guard Tower
12:21 Arcane Tower
12:21 Guard Tower
13:21 Farm
13:24 Farm
15:49 Workshop
21:22 Farm
21:23 Farm
23:07 Farm
23:09 Gryphon Aviary
24:02 Farm
24:05 Farm
24:19 Farm
24:53 Farm
24:55 Farm
25:28 Farm
25:30 Farm
26:17 Town Hall
29:11 Town Hall
35:30 Town Hall
38:43 Town Hall
44:58 Town Hall
45:02 Town Hall
46:54 Scout Tower
47:40 Town Hall
50:25 Town Hall
54:07 Scout Tower
54:08 Scout Tower
55:14 Scout Tower
55:15 Scout Tower
55:19 Guard Tower
» items
| Lesser Clarity Potion | 6 | |
| Scroll of Regeneration | 6 | |
| Staff of Sanctuary | 4 | |
| Orb of Fire | 2 | |
| Potion of Healing | 1 | |
| Scroll of Town Portal | 3 | |
22 total
team 6 (loser)
team 7 (loser)

»
Visne (
dark-green | 22 APM | 296 actions | 13:34)
3 Paladin
1 Divine Shield
1 Devotion Aura
1 Holy Light
» actions
| Build / train | 30 | |
| Enter build submenu | 9 | |
| Enter hero's abilities submenu | 3 | |
| Remove unit from queue | 3 | |
| Right click | 109 | |
| Select / deselect | 121 | |
| Use ability | 21 | |
296 total
» units
» buildings
| Altar of Kings | 1 | |
| Farm | 3 | |
| Barracks | 1 | |
| Keep | 1 | |
| Scout Tower | 1 | |
| Arcane Tower | 1 | |
| Lumber Mill | 1 | |
| Arcane Vault | 1 | |
10 total
» build order
00:07 Altar of Kings
00:11 Farm
01:18 Farm
01:43 Barracks
03:47 Keep
04:31 Farm
04:37 Scout Tower
05:08 Arcane Tower
06:09 Lumber Mill
06:34 Arcane Vault
» items
| Boots of Speed | 1 | |
| Circlet of Nobility | 1 | |
2 total
team 8 (loser)
apocalipto90 (
orange | 24 APM | 521 actions | 21:33)
4 Death Knight
2 Death Coil
2 Unholy Aura
3 Lich
2 Frost Nova
1 Dark Ritual
» actions
| Assign group hotkey | 4 | |
| Build / train | 46 | |
| Enter build submenu | 14 | |
| Enter hero's abilities submenu | 7 | |
| Give item / drop item | 1 | |
| Right click | 184 | |
| Select / deselect | 203 | |
| Select group hotkey | 11 | |
| Use ability | 51 | |
521 total
» units
| Acolyte | 2 | |
| Ghoul | 11 | |
| Crypt Fiend | 4 | |
| Obsidian Statue | 3 | |
| Abomination | 2 | |
22 total
» upgrades
| Burrow | 1 | |
| Web | 2 | |
| Destroyer Form | 1 | |
| Disease Cloud | 2 | |
6 total
» buildings
| Graveyard | 1 | |
| Crypt | 2 | |
| Ziggurat | 6 | |
| Altar of Darkness | 1 | |
| Tomb of Relics | 1 | |
| Nerubian Tower | 1 | |
| Halls of the Dead | 1 | |
| Black Citadel | 1 | |
| Slaughterhouse | 2 | |
| Spirit Tower | 3 | |
19 total
» build order
00:11 Graveyard
00:15 Crypt
00:40 Ziggurat
00:59 Altar of Darkness
01:15 Tomb of Relics
02:00 Nerubian Tower
02:17 Ziggurat
02:37 Ziggurat
03:03 Halls of the Dead
06:10 Black Citadel
06:18 Ziggurat
06:25 Ziggurat
06:49 Crypt
09:10 Slaughterhouse
09:15 Slaughterhouse
14:47 Spirit Tower
15:25 Ziggurat
20:09 Spirit Tower
20:11 Spirit Tower
» items
| Rod of Necromancy | 1 | |
| Potion of Healing | 1 | |
| Orb of Corruption | 1 | |
3 total
observersg-star,
JoKGeT,
satem,
Drako991 Chat log
(00:11 / All) W.S.R.H: omfg
(00:15 / All) W.S.R.H: fuck all leavers
(01:25 / All) W.S.R.H: fuck all german in ass
(01:27 / All) W.S.R.H: !
(01:34 / All) athousandmiles.: where u from?
(01:39 / All) W.S.R.H: its ofc
(01:44 / All) BLUE_RAY-DISK: i think he is german :P
(01:50 / All) W.S.R.H: no
(01:52 / All) HarryH17: :D
(01:56 / All) BLUE_RAY-DISK: sure?
(01:59 / All) BLUE_RAY-DISK: hrhr
(02:04 / All) W.S.R.H: i hate german so its ofc
(02:15 / All) BLUE_RAY-DISK: and why?
(02:27 / All) W.S.R.H: what?
(02:36 / All) BLUE_RAY-DISK: why u hate them?
(02:49 / All) W.S.R.H: history
(03:13 / All) W.S.R.H: u dont know where i live?
(03:21 / All) BLUE_RAY-DISK: poland?
(03:26 / All) carlsonnn: france
(03:27 / All) W.S.R.H: nice
(03:35 / All) HarryH17: cze
(03:39 / All) W.S.R.H: Poland no poland
(03:49 / All) BLUE_RAY-DISK: where u live then?
(03:56 / All) W.S.R.H: Poland
(04:03 / All) BLUE_RAY-DISK: ..
(04:10 / All) BLUE_RAY-DISK: how old are u?
(04:12 / All) BLUE_RAY-DISK: 100?
(04:18 / All) W.S.R.H: 18
(04:21 / All) BLUE_RAY-DISK: ...
(04:22 / All) BLUE_RAY-DISK: pff
(04:24 / All) W.S.R.H: and?
(04:33 / All) W.S.R.H: u never have 18 years old?
(04:54 / All) BLUE_RAY-DISK: i'm 23 and i'm from germany
(04:57 / All) BLUE_RAY-DISK: uuuhhh
(05:03 / All) athousandmiles.: nazi!
(05:11 / All) BLUE_RAY-DISK: yeah... cause i'm a german
(05:13 / All) HarryH17: fu germans
(05:14 / All) W.S.R.H: bye btye dark green
(05:14 / All) BLUE_RAY-DISK: so stupid
(05:56 / All) Visne: bye red
(06:02 / All) W.S.R.H: wait u lose fast
(06:06 / All) W.S.R.H: where ur peons?:)
(06:21 / All) W.S.R.H: give me 1 minute
(07:28 / All) W.S.R.H: bye dark green:)
(07:37 / All) W.S.R.H: easy
(07:42 / All) Visne: attack red ^^
(08:40 / All) W.S.R.H: leave
(08:52 / All) Visne: teamers
(08:58 / All) W.S.R.H: I?
(09:02 / All) W.S.R.H: haha
(09:04 / All) W.S.R.H: what
(09:10 / All) Visne: your base empty
(09:13 / All) W.S.R.H: i kill u alone and fast
(09:14 / All) Visne: nobody attack
(09:27 / All) W.S.R.H: learn play:)
(09:58 / All) BLUE_RAY-DISK: red u know where hitler was born?
(10:28 / All) Visne: attack red down
(10:33 / All) Visne: right down
(10:45 / All) Visne: his second gold mine
(11:02 / All) W.S.R.H: y
(11:14 / All) W.S.R.H: i know
(11:25 / All) BLUE_RAY-DISK: and where?
(11:41 / All) W.S.R.H: in bunker with wife and kid
(11:51 / All) BLUE_RAY-DISK: i want to know the country
(15:06 / All) BLUE_RAY-DISK: bah red u lag
(15:09 / All) W.S.R.H: yes
(15:30 / All) W.S.R.H: i have polish net:D
(15:33 / All) W.S.R.H: and polish weed:)
(16:12 / All) W.S.R.H: omf
(16:16 / All) BLUE_RAY-DISK: ..
(17:28 / All) HarryH17: 2v1 fuckers
(19:11 / All) athousandmiles.: somebody attack yellow
(25:28 / All) BLUE_RAY-DISK: big delay
(27:03 / All) athousandmiles.: wow
(27:05 / All) athousandmiles.: mass gryphs
(28:29 / All) athousandmiles.: you killed my anti air
(28:33 / All) BLUE_RAY-DISK: ...
(28:34 / All) athousandmiles.: now well both lose against yellow
(36:46 / All) athousandmiles.: blue u here?
(36:49 / All) BLUE_RAY-DISK: y
(38:13 / All) athousandmiles.: i gotta go in about 6-7 minutes..
(38:20 / All) athousandmiles.: so finish me pleaaase :D
(38:25 / All) BLUE_RAY-DISK: ^^
(44:11 / All) athousandmiles.: ^^
(44:22 / All) carlsonnn: too bad blue is retarded
(44:33 / All) BLUE_RAY-DISK: ...
(45:20 / All) athousandmiles.: my girlfriend is already shouting
(45:21 / All) athousandmiles.: so come on
(47:35 / All) carlsonnn: blue together on pink?
(47:42 / All) BLUE_RAY-DISK: y soon
(47:59 / All) carlsonnn: me from bot
(48:00 / All) carlsonnn: u from top
(48:05 / All) BLUE_RAY-DISK: k
(48:09 / All) athousandmiles.: nerds?
(48:15 / All) BLUE_RAY-DISK: ^^
(48:38 / All) athousandmiles.: last attack
(48:40 / All) athousandmiles.: honestly gotta go
(48:44 / All) BLUE_RAY-DISK: xd
(49:23 / All) BLUE_RAY-DISK: where?
(49:46 / All) athousandmiles.: gg
(49:47 / All) athousandmiles.: bye
(49:52 / All) BLUE_RAY-DISK: bye
(61:37 / All) BLUE_RAY-DISK: ... to imba
(61:43 / All) BLUE_RAY-DISK: late game i always win with hu
(61:46 / All) BLUE_RAY-DISK: orc to low-.-